Map: Whirlwind LE (Void)

Players

terrasse

  • Race: Zerg Zerg
  • League: Diamond
  • Spawn Location: 7:00

Musumeci - Winner!

  • Race: Zerg Zerg
  • League: Diamond
  • Spawn Location: 1:00

VOD

Have the link to the VOD?

Description

Time

  • Played on: Jan. 9, 2017, 1:59 p.m.
  • Length: 3:53
Show
View Real Time Build Order
Export as new Build Order

terrasse Zerg 

Build Orders: Hatch First 

Get SALT Encoding   

  12  0:01  Drone  
  13  0:12  Overlord  
  13  0:17  Drone  
  14  0:30  Drone x2  
  14  0:34  Drone  
  17  0:53  Hatchery  
  16  1:05  Spawning Pool  
  16  1:07  Extractor  
  16  1:08  Drone  
  15  1:12  Drone  
  15  1:16  Drone  
  17  1:23  Drone  
  18  1:31  Drone  
  19  1:43  Overlord  
  19  1:56  Queen  
  19  1:57  Zergling x2  
  22  2:06  Queen  
  22  2:07  Drone  
  22  2:08  Drone, Metabolic Boost  
  26  2:15  Drone  
  27  2:25  Drone x2  
  29  2:31  Zergling x2  
  29  2:34  Queen  
  32  2:53  Queen  
  33  3:07  Baneling Nest, Overlord  
  33  3:09  Drone x4  
  33  3:10  Overlord  
  35  3:14  Spine Crawler  
  34  3:20  Overlord  
Show
View Real Time Build Order
Export as new Build Order

Musumeci Zerg - Winner!

Build Orders: Pool First 

Get SALT Encoding   

  12  0:01  Drone  
  13  0:19  Drone  
  13  0:21  Drone, Extractor  
  13  0:24  Overlord  
  15  0:42  Drone x2  
  17  0:50  Spawning Pool  
  17  0:51  Drone  
  17  0:53  Extractor  
  16  1:02  Drone  
  17  1:21  Hatchery  
  17  1:25  Drone  
  17  1:40  Zergling x4  
  19  1:56  Queen, Metabolic Boost  
  19  1:57  Zergling x2  
  22  2:10  Overlord  
  22  2:16  Baneling Nest  
  22  2:17  Zergling x2  
  22  2:29  Zergling x2  
  23  2:47  Zergling x6  
  23  2:48  Zergling x2  
  26  3:02  Baneling x4  
  26  3:04  Baneling  
  26  3:06  Zergling x10  
  31  3:13  Overlord  
Tags
 
Add a new tag
Caveats
  • Supply blocks, unpowered buildings, or Contaminate may cause inaccurate times.
  • Supply counts are checked every 10 seconds.